 Dungeon Crawl Stone Soup version 0.18-a0-373-gaf408bd (webtiles) character file.

10194 George the Spear-Bearer (level 11, -9/87 HPs)
             Began as a Formicid Fighter on Nov 29, 2015.
             Was a High Priest of Makhleb.
             Mangled by Snorg (17 damage)
             ... on level 11 of the Dungeon.
             The game lasted 00:37:54 (11646 turns).

George the Spear-Bearer (Formicid Fighter)         Turns: 11646, Time: 00:37:54

Health: -9/87      AC: 17    Str: 23    XL:     11   Next: 88%
Magic:  35/35      EV:  5    Int:  9    God:    Makhleb [*****.]
Gold:   753        SH: 18    Dex: 10    Spells: 0 memorised, 10 levels left

rFire  . . .     SeeInvis +     z - +2 spear (venom)
rCold  + . .     Clarity  +     V - +0 plate armour
rNeg   . . .     SustAt   .     y - +1 large shield
rPois  .         Gourm    .     (helmet unavailable)
rElec  .         Spirit   .     m - +2 cloak
rCorr  .         Warding  .     (no gloves)
rMut   .         Stasis   +     (no boots)
MR     +....                    M - amulet of clarity
Stlth  ..........               D - ring of Xuuvve {rC+ MP+9 Slay+3}
                                f - ring of magical power

@: somewhat resistant to hostile enchantments, extremely unstealthy
A: permanent stasis, dig shafts and tunnels, four strong arms, antennae 3
a: Dig, Shaft Self, Minor Destruction, Lesser Servant of Makhleb, Major
Destruction, Greater Servant of Makhleb, Renounce Religion


You were on level 11 of the Dungeon.
You worshipped Makhleb.
Makhleb was extremely pleased with you.
You were not hungry.

You visited 2 branches of the dungeon, and saw 12 of its levels.
You also visited: Ossuary.

You collected 753 gold pieces.

Inventory:

Hand Weapons
 z - a +2 spear of venom (weapon)
 O - a +0 glaive
 S - a +1 vampiric spear
Armour
 m - a +2 cloak (worn)
 y - a +1 large shield (worn)
 V - a +0 plate armour (worn)
Jewellery
 f - a ring of magical power (left hand)
 D - the ring of Xuuvve (right hand) {rC+ MP+9 Slay+3}
   (You found it on level 10 of the Dungeon)

   [ring of magical power]

   It affects your accuracy and damage with ranged weapons and melee attacks
   (+3).
   It protects you from cold.
   It affects your magic capacity (+9).
 M - an amulet of clarity (around neck)
Wands
 k - a wand of slowing (48)
 r - a wand of magic darts (37)
 x - a wand of teleportation (4)
 I - a wand of slowing (22)
 Q - a wand of cold (11)
 R - a wand of paralysis (14)
 X - a wand of fire (8)
 Z - a wand of draining (7)
Scrolls
 A - 2 scrolls of recharging
 G - 2 scrolls of enchant armour
 K - a scroll of enchant weapon
 L - a scroll of amnesia
 T - a scroll of fear
 U - 2 scrolls of remove curse
Potions
 d - 4 potions of might
 n - 2 potions of magic
 t - 10 potions of curing
 w - 4 potions of heal wounds
 C - a potion of cure mutation
 E - 3 potions of brilliance
 H - a potion of resistance {unknown}
 J - a potion of cancellation {unknown}
 Y - a potion of mutation {unknown}
Comestibles
 e - 12 bread rations
 v - 3 chunks of flesh
 B - 7 beef jerkies
 F - 5 meat rations


   Skills:
 + Level 8.5 Fighting
 + Level 10.5 Polearms
 + Level 8.9 Armour
 + Level 9.6 Shields
 + Level 8.6 Invocations


You had 10 spell levels left.
You didn't know any spells.

Dungeon Overview and Level Annotations

Branches:
Dungeon (11/15)            Temple (1/1) D:4            Lair (0/8) D:8
    Orc: D:9-12

Altars:
Ashenzari
Cheibriados
Dithmenos
Elyvilon
Fedhas
Gozag
Kikubaaqudgha
Makhleb
Nemelex Xobeh
Okawaru
Qazlal
Ru
Sif Muna
Trog
Vehumet
Xom
Yredelemnul
Zin
The Shining One

Shops:
D:7 }

Annotations:
D:11 Snorg


Innate Abilities, Weirdness & Mutations

You are under a permanent stasis effect.
You can dig through walls and to a lower floor.
Your four strong arms can wield two-handed weapons with a shield.
You have a pair of large antennae on your head (SInv).


Message History

* * * LOW HITPOINT WARNING * * *
Snorg claws you!
* * * LOW HITPOINT WARNING * * *
You block Snorg's attack.
Snorg rages.
You block Snorg's attack. x2
Snorg claws you.
* * * LOW HITPOINT WARNING * * *
A demon appears!
You feel slightly more hungry. You block Snorg's attack.
Snorg claws you but does no damage. Snorg barely misses you.
You block Snorg's attack. Snorg claws you but does no damage.
You block Snorg's attack.
An adder comes into view.
You block Snorg's attack. Snorg claws you but does no damage.
You block Snorg's attack. You block Snorg's attack. x3
The adder barely misses your ynoxinul. Snorg bites you but does no damage.
Snorg claws you but does no damage. Snorg claws you!
You die...

#.# ####......#
..........#
####......#
#......#
##.####.##########
........S.........
#####.##3##.######
#.##.##.#
#@#..##.###### #
#.T........$.# ..
#....##.####.# ##
...>..##.# #...#
#.......##.....#...
.........######.
.##.# ..........#
## ## # ..........#
......#.... {


You could see Snorg (berserk).

Vanquished Creatures
  Erolcha (D:10)
  2 hill giants
  Pikel (D:6)
  Joseph (D:10)
  A troll (D:9)
  A komodo dragon (D:8)
  The ghost of emiel the Magician, a novice VSWz of Cheibriados (Ossuary)
  3 yaks (D:9)
  A wyvern (D:9)
  4 hippogriffs
  A steam dragon (D:8)
  The ghost of George the Chiller, an amateur DrIE (D:3)
  A water moccasin (D:8)
  A slave (D:6)
  A black bear (D:7)
  6 ogres
  A sky beast (D:5)
  4 ice beasts
  2 necrophages
  2 orc warriors (D:7)
  3 phantoms
  2 big kobolds
  Blork the orc (D:6)
  7 giant frogs
  2 water moccasin zombies (Ossuary)
  2 scorpions
  A gnoll sergeant (D:9)
  10 killer bees
  6 wights
  3 hounds
  3 centaur zombies
  4 jellies
  6 crimson imps
  A giant frog zombie (D:8)
  2 orc priests
  Crazy Yiuf (D:6)
  3 giant frog skeletons
  A quasit (D:7)
  2 centaur skeletons
  3 iguanas
  Terence (D:2)
  9 orc wizards
  4 worker ants
  3 big kobold zombies (Ossuary)
  2 mummies (Ossuary)
  A worker ant zombie (D:9)
  4 hound skeletons
  12 adders
  14 gnolls
  3 shadow imps
  2 adder skeletons
  6 adder zombies (Ossuary)
  An ooze (D:7)
  5 worms
  3 giant geckos
  38 orcs
  3 ball pythons
  6 bats
  2 gnoll zombies (Ossuary)
  8 hobgoblins
  14 kobolds
  4 giant cockroaches
  6 giant newts
  7 goblins
  5 hobgoblin zombies (Ossuary)
  15 jackals
  A jackal zombie (D:6)
  6 kobold zombies (Ossuary)
  4 orc zombies (Ossuary)
  5 quokkas
  A quokka skeleton (D:5)
  2 quokka zombies (D:8)
  7 rats
  A fungus (D:6)
304 creatures vanquished.

Vanquished Creatures (collateral kills)
  A gargoyle (D:10)
1 creature vanquished.

Vanquished Creatures (others)
  A plant (D:8)
1 creature vanquished.

Grand Total: 306 creatures vanquished

Notes
Turn   | Place    | Note
--------------------------------------------------------------
     0 | D:1      | George the Formicid Fighter began the quest for the Orb.
     0 | D:1      | Reached XP level 1. HP: 18/18 MP: 1/1
   103 | D:1      | Reached XP level 2. HP: 24/24 MP: 2/2
   725 | D:2      | Reached XP level 3. HP: 29/29 MP: 3/3
   785 | D:2      | Noticed Terence
   809 | D:2      | Killed Terence
   809 | D:2      | Reached skill level 4 in Polearms
   809 | D:2      | Reached XP level 4. HP: 12/35 MP: 4/4
  1808 | D:3      | Reached XP level 5. HP: 31/41 MP: 5/5
  1916 | D:3      | Reached skill level 5 in Polearms
  2165 | D:3      | Noticed George's ghost (amateur DrIE)
  2888 | D:3      | Killed George's ghost
  2888 | D:3      | Reached skill level 6 in Polearms
  2888 | D:3      | Reached XP level 6. HP: 24/47 MP: 6/6
  3406 | D:4      | Reached skill level 7 in Polearms
  3406 | D:4      | Reached XP level 7. HP: 30/52 MP: 7/7
  3876 | D:4      | Found a staircase to the Ecumenical Temple.
  3890 | Temple   | Entered the Ecumenical Temple
  4093 | Temple   | Became a worshipper of Makhleb the Destroyer
  4438 | D:4      | Reached skill level 1 in Invocations
  4855 | D:5      | Entered Level 5 of the Dungeon
  4938 | D:5      | Reached XP level 8. HP: 60/60 MP: 9/9
  5061 | D:5      | Found an ancient bone altar of Kikubaaqudgha.
  5079 | D:5      | Reached * piety under Makhleb
  5480 | D:5      | Found a sand-covered staircase.
  5488 | Ossuary  | Entered an ossuary
  5490 | Ossuary  | Noticed emiel's ghost (novice VSWz)
  5504 | Ossuary  | Killed emiel's ghost
  5504 | Ossuary  | Reached skill level 8 in Polearms
  5524 | Ossuary  | Reached skill level 5 in Shields
  5659 | Ossuary  | Reached ** piety under Makhleb
  5688 | Ossuary  | Reached skill level 5 in Armour
  5715 | Ossuary  | Reached XP level 9. HP: 63/66 MP: 11/11
  6075 | D:6      | Noticed Blork the orc
  6090 | D:6      | Killed Blork the orc
  6090 | D:6      | Reached skill level 5 in Fighting
  6150 | D:6      | Noticed Pikel
  6185 | D:6      | Killed Pikel
  6185 | D:6      | Reached skill level 5 in Invocations
  6468 | D:6      | Noticed Crazy Yiuf
  6471 | D:6      | Killed Crazy Yiuf
  6851 | D:7      | Found a white marble altar of Elyvilon.
  7266 | D:7      | Reached *** piety under Makhleb
  7397 | D:7      | HP: 3/69 [poisoned by a killer bee]
  7404 | D:7      | HP: 3/69 [poisoned by a killer bee]
  7412 | D:7      | HP: 3/69 [poisoned by a killer bee]
  7428 | D:7      | HP: 1/69 [killer bee (5)]
  7709 | D:7      | Reached XP level 10. HP: 74/76 MP: 14/14
  7927 | D:7      | Reached skill level 9 in Polearms
  8203 | D:7      | Found a glowing silver altar of Zin.
  8288 | D:7      | Found Kofuhumu's Gadget Shop.
  8544 | D:8      | Identified a scroll of acquirement
  8643 | D:8      | Found a snail-covered altar of Cheibriados.
  8744 | D:8      | Reached **** piety under Makhleb
  9276 | D:8      | Found a staircase to the Lair.
  9865 | D:9      | Reached XP level 11. HP: 84/84 MP: 16/16
  9983 | D:9      | Found a sparkling altar of Nemelex Xobeh.
 10055 | D:9      | Found a basalt altar of Yredelemnul.
 10056 | D:9      | Found a shattered altar of Ashenzari.
 10221 | D:9      | Found a deep blue altar of Sif Muna.
 10324 | D:10     | Entered Level 10 of the Dungeon
 10548 | D:10     | Reached skill level 10 in Polearms
 10564 | D:10     | Got a smoking bone ring
 10566 | D:10     | Identified the ring of Xuuvve {rC+ MP+9 Slay+3} (You found it on level 10 of the Dungeon)
 10692 | D:10     | Noticed Joseph
 10725 | D:10     | Killed Joseph
 10859 | D:10     | Noticed Erolcha
 10875 | D:10     | Killed Erolcha
 11035 | D:10     | Found a shimmering altar of Xom.
 11331 | D:10     | Noticed a hill giant
 11358 | D:10     | Killed a hill giant
 11481 | D:11     | Reached ***** piety under Makhleb
 11563 | D:11     | Noticed a hill giant
 11597 | D:11     | Killed a hill giant
 11624 | D:11     | Noticed Snorg
 11646 | D:11     | Mangled by Snorg

Vault maps used:
D:1:      nicolae_arrival_washed_ashore
D:2:      uniq_terence
D:4:      minmay_temple_entry_statues_pillars, first_bread
D:5:      nicolae_overflow_hidden_temple, nicolae_ossuary_entry_ruins,
          amalloy_card_club
D:6:      minmay_gold_behind_fungi, uniq_blork_the_orc, uniq_pikel,
          uniq_crazy_yiuf_cottage
D:7:      lemuel_doored_altar, zin_scriptorium, serial_shops, shop,
          grunt_ogre_cave, minivault_24, st_stairs_14
D:8:      david_lair_shrubbed, cheibrodos_worm_habitat
D:9:      kennysheep_mini, kennysheep_little_box,
          gammafunk_temple_overflow_pools
D:10:     basic_altar, hangedman_decor_lopped, grunt_ministairs_12,
          minmay_misc_feat_room, uniq_erolcha, uniq_joseph
D:11:     minivault_25_ag, uniq_snorg, uniq_erica
Temple:   minmay_temple_forest_path_12
Ossuary:  ossuary_tomb_2

Action                   |  1- 3 |  4- 6 |  7- 9 | 10-12 || total
-------------------------+-------+-------+-------+-------++-------
Melee: Trident           |   100 |   204 |    55 |       ||   359
       Spear             |       |       |   562 |   896 ||  1458
Invok: Lesser Servant of |       |       |       |     2 ||     2
 Abil: Dig               |       |       |       |     2 ||     2
  Use: Scroll            |       |       |    10 |    10 ||    20
       Potion            |       |       |     2 |       ||     2
  Eat: Chunk             |       |     7 |    13 |    15 ||    35
       Fruit             |       |     1 |     1 |       ||     2
